 Dungeon Crawl Stone Soup version 0.22-a0-614-g34fbaa0 (webtiles) character file.

400 Pasz the Firebug (level 6, -1/51 HPs)
             Began as a Draconian Fire Elementalist on July 15, 2018.
             Slain by Duvessa
             ... wielding a +0 short sword
              (3 damage)
             ... on level 4 of the Dungeon.
             The game lasted 00:21:30 (4878 turns).

Pasz the Firebug (Draconian Fire Elementalist)      Turns: 4878, Time: 00:21:30

Health: -1/51      AC:  6    Str: 10    XL:     6   Next: 54%
Magic:  4/10       EV: 13    Int: 18    God:
Gold:   99         SH:  0    Dex: 11    Spells: 7/10 levels left

rFire    . . .     SeeInvis .   w - +0 mace (protect)
rCold    . . .     Gourm    .   (no shield)
rNeg     . . .     Faith    .   (armour unavailable)
rPois    .         Spirit   .   (helmet restricted)
rElec    .         Reflect  .   (no cloak)
rCorr    .         Harm     .   (no gloves)
MR       .....                  (no boots)
Stlth    ++........             (no amulet)
HPRegen  0.17/turn              (no ring)
MPRegen  0.12/turn              (no ring)

@: no status effects
A: unfitting armour, cold-blooded, AC +6
a: no special abilities


You were on level 4 of the Dungeon.
You were not hungry.

You visited 1 branch of the dungeon, and saw 4 of its levels.

You collected 99 gold pieces.

Inventory:

Hand Weapons
 m - a +0 spear
 n - a +0 hunting sling
 w - a +0 mace of protection (weapon)
 x - a +0 hand crossbow
Missiles
 c - 127 stones (quivered)
 l - 8 tomahawks
 o - 13 sling bullets
 s - a throwing net
Jewellery
 p - a cursed amulet of inaccuracy {unknown}
Scrolls
 a - 4 scrolls of teleportation {unknown}
 e - a scroll of enchant armour {unknown}
 f - 2 scrolls of magic mapping {unknown}
 g - 5 scrolls of identify {unknown}
 h - 2 scrolls of fear {unknown}
 k - 2 scrolls of remove curse {unknown}
 q - 2 scrolls of immolation {unknown}
 u - a scroll of blinking {unknown}
Potions
 d - a potion of mutation {unknown}
 i - 2 potions of flight {unknown}
 j - a potion of brilliance {unknown}
 r - 2 potions of might {unknown}
 t - 2 potions of magic {unknown}
 v - a potion of ambrosia {unknown}
Comestibles
 b - 10 rations


   Skills:
 - Level 3.5 Fighting
 + Level 3.4 Dodging
 - Level 2.0 Stealth
 + Level 2.8 Spellcasting
 + Level 3.3 Conjurations
 + Level 3.6 Fire Magic


You had 7 spell levels left.
You knew the following spells:

 Your Spells              Type           Power        Failure   Level  Hunger
a - Flame Tongue          Conj/Fire      ###..        4%          1    None
b - Throw Flame           Conj/Fire      ###...       6%          2    ##.....

Your spell library contained the following spells:

 Spells                   Type           Power        Failure   Level  Hunger
 Fireball                 Conj/Fire      ###.......   73%         5    ######.
 Conjure Flame            Conj/Fire      ###.....     12%         3    ###....
 Sticky Flame             Conj/Fire      ###.....     36%         4    ####...
 Inner Flame              Hex/Fire       #.......     24%         3    ###....


Dungeon Overview and Level Annotations

Branches:
Dungeon (4/15)
 Temple: D:4-7

Altars:
Makhleb
Ru
Wu Jian

Annotations:
D:4 Dowan, Duvessa, Grinder


Innate Abilities, Weirdness & Mutations

Your plain brown scales are hard. (AC +6)
You cannot fit into any form of body armour.
You are cold-blooded and may be slowed by cold attacks.


Message History

You hear the rapid hiss of a distant avalanche of sand.
Something hits you. Something hits you but does no damage.
Casting: Flame Tongue (safe; 4% risk of failure)
Confirm with . or Enter, or press ? or * to list all spells.
Aiming: Flame Tongue (safe; 4% risk of failure)
Press: ? - help, Shift-Dir - straight line, f/p - Dowan
Aim: Dowan, wielding a dagger of flaming and wearing a robe (moderately wounded)
The flame tongue hits Dowan.
Dowan is severely wounded.
The phantom blinks!
Something hits you!
* * * LOW HITPOINT WARNING * * *
Dowan casts a spell at you.
The puff of flame hits something.
Something hits you!
* * * LOW HITPOINT WARNING * * *
Found a mace.
The shadow imp shouts!
You hear a shout!
Something hits you.
* * * LOW HITPOINT WARNING * * *
You barely miss the shadow imp. Something hits you.
You die...

### ##### ##.###### .
...# ##........ .
####.####.....##
#....e.e......?##
##.##.##.##....?....#
......##.###........#
# ...#.# #....5@.#
##.W...#.##.# ...#.#
####.####
##.........# .(... ..
##.###.#### ...# ...
#####.## ...# .#.
#.....# l..#### ..
#.#.#.# ....... # #
#.#.### ....s..
#.....# .......
###.#.#


You could see Dowan and a shadow imp.

Vanquished Creatures
  A howler monkey (D:4)
  3 iron imps (D:3)
  A gnoll shaman (D:4)
  A bullfrog skeleton (D:4)
  An adder (D:2)
  10 gnolls
  An ooze (D:3)
  2 worms (D:2)
  3 dart slugs
  A leopard gecko (D:1)
  An orc (D:3)
  5 giant cockroaches
  12 goblins
  9 hobgoblins
  11 jackals
  13 kobolds
  A quokka (D:2)
  13 bats
  6 frilled lizards
  4 rats
99 creatures vanquished.

Notes
Turn   | Place    | Note
-------+----------+-------------------------------------------
     0 | D:1      | Pasz the Draconian Fire Elementalist began the quest for the Orb.
     0 | D:1      | Reached XP level 1. HP: 14/14 MP: 3/3
   180 | D:1      | Reached skill level 1 in Fighting
   180 | D:1      | Reached XP level 2. HP: 22/23 MP: 0/5
   555 | D:1      | Learned a level 2 spell: Throw Flame
   600 | D:1      | Reached XP level 3. HP: 29/29 MP: 3/6
  1226 | D:2      | Found an ornate altar of the Wu Jian Council.
  1630 | D:2      | Reached XP level 4. HP: 37/37 MP: 3/7
  1988 | D:2      | Found a sacrificial altar of Ru.
  2734 | D:1      | Reached XP level 5. HP: 22/45 MP: 3/8
  3685 | D:3      | Found a burning altar of Makhleb.
  3909 | D:3      | Reached XP level 6. HP: 51/51 MP: 5/9
  4542 | D:4      | Noticed Grinder
  4852 | D:4      | Noticed Duvessa
  4852 | D:4      | Noticed Dowan
  4877 | D:4      | HP: 2/51 [something (1)]
  4878 | D:4      | Slain by Duvessa

Vault maps used:
D:1:      dpeg_arrival_three_same_balls
D:2:      wad_crossroads, lemuel_crystal_altar, nicolae_ru_the_path_less_chosen
D:3:      demons_altar
D:4:      enter_ossuary_2, uniq_grinder, uniq_duvessa

Skill      XL: |  1  2  3  4  5 |
---------------+----------------+-----
Fighting       | 1 2 3 |  3.5
Stealth        | 2 |  2.0
Dodging        | 2 3 |  3.4
Conjurations   | 2 3 |  3.3
Spellcasting   | |  2.8
Fire Magic     | |  3.6

Action                   |  1- 3 |  4- 6 || total
-------------------------+-------+-------++-------
Melee: Short sword       |    38 |       ||    38
       Dagger            |     1 |       ||     1
       Tailslap          |     3 |     5 ||     8
       Spear             |    11 |    13 ||    24
       Mace              |       |    26 ||    26
 Fire: Hunting sling     |    11 |   153 ||   164
Throw: Stone             |     6 |       ||     6
 Cast: Flame Tongue      |    39 |    76 ||   115
       Throw Flame       |     2 |       ||     2
 Stab: Sleeping          |     2 |     3 ||     5
  Eat: Chunk             |     3 |    11 ||    14
Armor: Skin              |    23 |    44 ||    67
Dodge: Dodged            |    35 |    74 ||   109

Table legend:
 A = Spawn XP
 B = Non-spawn XP
 C = Spawn XP percentage of total XP
 D = Spawn monster count
 E = Non-spawn monster count
 F = Spawn count percentage of total count
 G = Total turns spent on level
                    A         B        C        D         E        F      G
               +---------+---------+-------+---------+---------+-------+---------
         Total |       0 |     572 |   0.0 |       0 |      99 |   0.0 |  4878
               +---------+---------+-------+---------+---------+-------+---------
           D:1 |       0 |      72 |   0.0 |       0 |      31 |   0.0 |  1377
           D:2 |       0 |     150 |   0.0 |       0 |      38 |   0.0 |  1817
           D:3 |       0 |     168 |   0.0 |       0 |      21 |   0.0 |  1487
           D:4 |       0 |     182 |   0.0 |       0 |       9 |   0.0 |   197
               +---------+---------+-------+---------+---------+-------+---------
